 Dungeon Crawl Stone Soup version 0.31-a0-841-g038b102fc3 (webtiles) character file.

Game seed: 8118434847925990706

2 Bravepunisher the Ducker (level 1, 0/11 HPs)
             Began as a Spriggan Monk on Sept 27, 2023.
             Slain by a goblin
             ... wielding a +5 dagger
              (2 damage)
             ... on level 3 of the Dungeon.
             The game lasted 00:00:52 (125 turns).

Bravepunisher the Ducker (Spriggan Monk)             Turns: 125, Time: 00:00:53

Health: 0/11       AC:  2    Str:  7    XL:     1   Next: 25%
Magic:  2/2        EV: 18    Int: 11    God:
Gold:   0          SH:  0    Dex: 17    Spells: 0/0 levels left

rFire   . . .        a - +0 short sword
rCold   . . .        (no shield)
rNeg    . . .        b - +0 robe
rPois   .            (helmet restricted)
rElec   .            (no cloak)
rCorr   .            (gloves unavailable)
SInv    +            (boots unavailable)
Will    .....        (no amulet)
Stlth   ++           (no ring)
HPRegen 0.21/turn    (no ring)
MPRegen 0.08/turn

%: no passive effects
@: very quick
A: very small, no large weapons, unfitting armour, see invisible, speed 3
a: no special abilities


You were on level 3 of the Dungeon.
You visited 1 branch of the dungeon, and saw 3 of its levels.

Inventory:

Hand Weapons
 a - a +0 short sword (weapon)
Armour
 b - a +0 robe (worn)
Potions
 c - a potion of ambrosia


   Skills:
 * Level 2.5 Fighting
 - Level 3.2 Short Blades
 + Level 4.0 Dodging


You couldn't memorise any spells.
You didn't know any spells.
Your spell library was empty.

Dungeon Overview and Level Annotations

Branches:
Dungeon (3/15)

Altars:


Innate Abilities, Weirdness & Mutations

You are very small and have problems with some larger weapons.
You are too small for most types of armour.
You have supernaturally acute eyesight. (SInv)
You cover ground extremely quickly. (Speed+++)


Message History

The rat bites you but does no damage.
You hit the rat but do no damage. You hit the rat but do no damage.
The rat misses you.
You hit the rat.
You kill the rat!
You hit the endoplasm but do no damage. The endoplasm hits you.
You hit the endoplasm but do no damage. The endoplasm barely misses you.
You hit the endoplasm.
The endoplasm is heavily wounded.
The endoplasm barely misses you.
You hit the endoplasm but do no damage.
The endoplasm is heavily wounded.
You hit the endoplasm but do no damage.
The endoplasm is heavily wounded.
The endoplasm completely misses you.
You hit the endoplasm.
You kill the endoplasm!
Found 21 gold pieces.
An adder comes into view.
Found 28 gold pieces.
Found a stone staircase leading down.
Found 3 gold pieces.
Found a stone staircase leading up.
The adder bites you.
There is a stone staircase leading down here.
The adder bites you.
You climb downwards.
Found a scroll labelled VYRUOKH BUBLE and a short sword.
Found a stone staircase leading up.
There is a stone staircase leading up here.
You start resting.
HP restored.
A goblin comes into view. It is wielding a +5 dagger.
There is a stone staircase leading up here.
The goblin hits you with a +5 dagger.
You closely miss the goblin. The goblin hits you with a +5 dagger.
Ouch! That really hurt!
* * * LOW HITPOINT WARNING * * *
You hit the goblin.
The goblin is severely wounded.
The goblin hits you with a +5 dagger.
You die...

. ..
...#############
#........@g....#
......<..#####.#
.....?..<....#
##....)..###....
######### ##


You could see a goblin.

Vanquished Creatures
  An endoplasm (D:2)
  A rat (D:2)
2 creatures vanquished.

Notes
Turn   | Place    | Note
-------+----------+-------------------------------------------
     0 | D:1      | Bravepunisher the Spriggan Monk began the quest for the
                  | Orb.
     0 | D:1      | Reached XP level 1. HP: 11/11 MP: 2/2
   125 | D:3      | Slain by a goblin

Illustrated notes

Levels and vault maps discovered:
D:1:      saegor_arrival_miasma, layout_basic, serial_glass, glass_columns_b,
          glass_columns_a, glass_columns_a, glass_columns_a, glass_columns_a,
          glass_columns_a, due_unseen_surprise, item_on_display_a,
          feat_on_display
D:2:      layout_basic, dreamdust_wishing_well, hex_large
D:3:      layout_rooms, nicolae_elyvilon_peaceful_grove

Action                     || total
---------------------------++-------
  Melee: Short sword       ||    11
 Armour: Robe              ||     8
  Dodge: Dodged            ||     5

Table legend: (Time is in decaauts)
 A = Elapsed time spent in this place.
 B = Non-inter-level travel time spent in this place.
 C = Inter-level travel time spent in this place.
 D = Time resting spent in this place.
 E = Time spent auto-exploring this place.
 F = Levels seen in this place.
 G = Mean time per level.
                   A        B        C        D        E       F      G
               +--------+--------+--------+--------+--------+-----+--------+
         Total |     89 |     89 |      0 |     20 |      9 |   3 |   29.7 |
       Dungeon |     89 |     89 |      0 |     20 |      9 |   3 |   29.7 |
               +--------+--------+--------+--------+--------+-----+--------+

Top non-repeatable levels by time:
     D:2: 43 daAuts
     D:3: 23 daAuts
     D:1: 21 daAuts
